 Dungeon Crawl Stone Soup version 0.29-a0-617-g7a6b98fccd (webtiles) character file.

Game seed: 2004945417775649997

3581 greenreed the Reanimator (level 10, -4/73 HPs)
             Began as a Gnoll Necromancer on June 11, 2022.
             Was a Believer of Qazlal.
             Slain by an orc warrior
             ... wielding a +0 hand axe
              (13 damage)
             ... on level 7 of the Dungeon on June 17, 2022.
             The game lasted 00:42:41 (10501 turns).

greenreed the Reanimator (Gnoll Necromancer)       Turns: 10501, Time: 00:42:42

Health: -4/73      AC:  6    Str:  8    XL:     10   Next: 10%
Magic:  1/20       EV: 14    Int: 19    God:    Qazlal [**....]
Gold:   372        SH:  2    Dex: 12    Spells: 10/23 levels left

rFire   . . .      SeeInvis .   m - staff of conjuration
rCold   . . .      Faith    +   (no shield)
rNeg    . . .      Spirit   .   a - +0 robe
rPois   .          Reflect  .   z - +0 helmet
rElec   .          Harm     .   H - +0 cloak
rCorr   .          Rampage  .   (no gloves)
Will    .....                   e - +0 pair of boots
Stlth   +++.......              y - amulet of faith
HPRegen 0.22/turn               d - ring of flight
MPRegen 0.17/turn               (no ring)

@: flying
A: fangs 1, strong nose, distributed training
a: Renounce Religion, Upheaval


You were on level 7 of the Dungeon.
You worshipped Qazlal.
Qazlal was pleased with you.
You visited 1 branch of the dungeon, and saw 8 of its levels.

You collected 372 gold pieces.

Inventory:

Hand Weapons
 f - a +2 trident of freezing
 k - a +0 rapier
 A - the +10 dark maul {vorpal}
   (You found it on level 5 of the Dungeon)

   It inflicts extra damage upon your enemies.
 E - a +1 flail of holy wrath
 I - a +0 hand crossbow
Missiles
 g - 6 curare-tipped darts
 L - a throwing net
Armour
 a - a +0 robe (worn)
 e - a +0 pair of boots (worn)
 u - a +0 chain mail of cold resistance
 z - a +0 helmet (worn)
 B - a scarf of harm
 G - an orb of guile
 H - a +0 cloak (worn)
Magical Staves
 m - a staff of conjuration (weapon)
Jewellery
 d - a ring of flight (left hand)
 o - an amulet of guardian spirit
 y - an amulet of faith (around neck)
Wands
 p - a wand of iceblast (3)
 t - a wand of charming (5)
Scrolls
 c - 3 scrolls of teleportation
 l - a scroll of immolation
 q - a scroll of vulnerability
 r - 4 scrolls of fog
 v - a scroll of noise {unknown}
 D - a scroll of magic mapping {unknown}
 F - a scroll of blinking {unknown}
 J - a scroll of enchant weapon {unknown}
 K - 2 scrolls of identify
Potions
 b - a potion of magic
 h - 5 potions of degeneration
 i - 4 potions of brilliance {unknown}
 j - a potion of might {unknown}
 n - 5 potions of curing
 s - 2 potions of mutation {unknown}
 w - a potion of lignification {unknown}
 x - 4 potions of heal wounds
 C - a potion of attraction {unknown}


   Skills:
 + Level 4.9 Fighting
 + Level 4.9 Short Blades
 + Level 4.9 Long Blades
 + Level 4.9 Axes
 + Level 4.9 Maces & Flails
 + Level 4.9 Polearms
 + Level 4.9 Staves
 + Level 4.9 Slings
 + Level 4.9 Bows
 + Level 4.9 Crossbows
 + Level 4.9 Throwing
 + Level 4.9 Armour
 + Level 6.8 Dodging
 + Level 6.5 Stealth
 + Level 4.9 Shields
 + Level 4.9 Unarmed Combat
 + Level 7.1 Spellcasting
 + Level 4.1 Conjurations
 + Level 4.1 Hexes
 + Level 4.1 Summonings
 + Level 8.3 Necromancy
 + Level 4.1 Translocations
 + Level 4.1 Transmutations
 + Level 4.1 Fire Magic
 + Level 4.1 Ice Magic
 + Level 4.1 Air Magic
 + Level 4.1 Earth Magic
 + Level 4.1 Poison Magic
 + Level 5.4 Invocations
 + Level 4.9 Evocations


You had 10 spell levels left.
You knew the following spells:

 Your Spells              Type           Power      Damage    Failure   Level
a - Necrotize             Necr           100%       1d9       1%          1
b - Summon Small Mammal   Summ           88%        N/A       1%          1
c - Vampiric Draining     Necr           38%        2d8       1%          3
d - Animate Dead          Necr           38%        N/A       3%          4
e - Foxfire               Conj/Fire      100%       2x1d9     1%          1
f - Magic Dart            Conj           100%       1d8       1%          1
g - Searing Ray           Conj           66%        2d6       2%          2

Your spell library contained the following spells:

 Spells                   Type           Power      Damage    Failure   Level
 Blink                    Tloc           44%        N/A       2%          2
 Dispel Undead            Necr           38%        3d16      3%          4
 Call Canine Familiar     Summ           22%        N/A       5%          3
 Conjure Flame            Conj/Fire      33%        6-21      5%          3
 Inner Flame              Hex/Fire       22%        N/A       5%          3
 Lesser Beckoning         Tloc           22%        N/A       5%          3
 Stone Arrow              Conj/Erth      66%        3d11      5%          3
 Summon Guardian Golem    Hex/Summ       22%        N/A       5%          3
 Agony                    Necr           38%        N/A       9%          5
 Corpse Rot               Necr/Pois/Air  27%        N/A       11%         4
 Animate Armour           Summ/Erth      44%        N/A       19%         4
 Cause Fear               Hex            11%        N/A       19%         4
 Flame Wave               Conj/Fire      33%        2d8       19%         4
 Fulminant Prism          Conj/Hex       16%        3d11      19%         4
 Manifold Assault         Tloc           22%        N/A       45%         5
 Death Channel            Necr           19%        N/A       45%         6
 Discord                  Hex            11%        N/A       100%        8
 Lehudib's Crystal Spear  Conj/Erth      16%        10d5      100%        8


Dungeon Overview and Level Annotations

Branches:
Dungeon (8/15)             Temple (0/1) D:4
   Lair: D:8-11

Altars:
Ashenzari
Cheibriados
Hepliaklqana
Makhleb
Okawaru
Qazlal
Uskayaw
Vehumet
Xom

Annotations:
D:3 Grinder
D:4 exclusion: phantom


Innate Abilities, Weirdness & Mutations

You have very sharp teeth.
Your uncanny sense of smell can sniff out nearby items.
Your experience applies equally to all skills.


Message History

You hit the orc warrior but do no damage.
You bite the orc warrior, but do no damage.
The orc warrior is heavily wounded.
The orc warrior hits you with a +0 hand axe!
The orc warrior attacks as you move away!
The orc warrior hits you with a +0 hand axe.
The orc priest calls down the wrath of Beogh upon you.
Beogh smites you!
* * * LOW HITPOINT WARNING * * *
There is a stone staircase leading up here.
The orc warrior hits you with a +0 hand axe.
* * * LOW HITPOINT WARNING * * *
You fly upwards.
There is a stone staircase leading down here.
Casting: Vampiric Draining (safe; 1% risk of failure)
Confirm with . or Enter, or press ? or * to list all spells.
Aiming: Vampiric Draining (safe; 1% risk of failure)
Press: ? - help, Shift-Dir - straight line, f - orc warrior
Aim: an orc warrior, wielding a +0 hand axe and wearing a +0 chain mail (heavily wounded)
You draw life force from the orc warrior!
You feel life coursing into your body.
The orc warrior hits you with a +0 hand axe!
* * * LOW HITPOINT WARNING * * *
Casting: Vampiric Draining (safe; 1% risk of failure)
Confirm with . or Enter, or press ? or * to list all spells.
The orc warrior hits you with a +0 hand axe.
* * * LOW HITPOINT WARNING * * *
The orc warrior hits your quokka with a +0 hand axe.
Your quokka dies!
Your quokka's corpse disappears in a puff of smoke!
Unknown command.
The orc warrior attacks as you move away!
The orc warrior misses you.
The orc warrior attacks as you move away!
You block the orc warrior's attack.
The orc warrior attacks as you move away!
The orc warrior completely misses you.
The orc warrior attacks as you move away!
The orc warrior hits you with a +0 hand axe!
You die...

..###...# #### ###.............
#..#.#..# #..# ##..............
##..#...## #.## ##.......#......#
#..####..###.####...............#
..## ##......##..##..###..#.<...
.## ##.####....###.## #..##.##.
.######.># ##..####.####..##..##
...##....### ##.##.........###..#
...........## #.@o..........##..#
#.......##>.###.####.####>.......
#......####.....# #..##.........
##..#..# #....## ##.#..####...#
#.###.####...## #..### ###.# ###
##.##..### #.## #.## ## #.#..##
### ##.# .# ##..## ##.## ## #.##
#.##


You could see an orc warrior.

Vanquished Creatures
  A two-headed ogre (D:8)
  Joseph (D:7)
  A steam dragon (D:5)
  2 water moccasins (D:5)
  An ice beast (D:7)
  2 black bears
  A sky beast (D:4)
  2 ogres
  3 centaurs
  7 bullfrogs
  2 kobold brigands
  A necrophage (D:7)
  A gnoll sergeant (D:7)
  3 scorpions
  3 crimson imps (D:5)
  3 orc priests
  2 jellies
  A gnoll shaman (D:8)
  2 hounds
  Ijyb (D:3)
  3 orc wizards
  10 gnolls
  10 adders
  An orc zombie (D:8)
  2 dart slugs
  14 orcs
  6 endoplasms
  2 giant cockroaches
  2 gnoll zombies (D:8)
  4 hobgoblins
  9 jackals
  10 kobolds
  6 quokkas
  4 ball pythons
  3 bats
  3 frilled lizards
  6 goblins
  6 kobold zombies (D:7)
  2 rats (D:1)
143 creatures vanquished.

Vanquished Creatures (collateral kills)
  A worm (D:2)
  3 orcs
  2 kobolds (D:7)
  A frilled lizard (D:1)
7 creatures vanquished.

Vanquished Creatures (others)
  3 gnoll zombies
  An orc zombie (D:8)
  70 foxfires
74 creatures vanquished.

Grand Total: 224 creatures vanquished

Notes
Turn   | Place    | Note
-------+----------+-------------------------------------------
     0 | D:1      | greenreed the Gnoll Necromancer began the quest for the
                  | Orb.
     0 | D:1      | Reached XP level 1. HP: 13/13 MP: 6/6
   130 | D:1      | Reached XP level 2. HP: 19/19 MP: 1/7
   454 | D:1      | Reached XP level 3. HP: 25/25 MP: 5/9
   518 | D:1      | Reached skill level 5 in Spellcasting
  1028 | D:2      | Reached skill level 1 in Invocations
  1177 | D:2      | Reached skill level 1 in Fighting
  1177 | D:2      | Reached skill level 1 in Short Blades
  1177 | D:2      | Reached skill level 1 in Long Blades
  1177 | D:2      | Reached skill level 1 in Axes
  1177 | D:2      | Reached skill level 1 in Maces & Flails
  1177 | D:2      | Reached skill level 1 in Polearms
  1177 | D:2      | Reached skill level 1 in Staves
  1177 | D:2      | Reached skill level 1 in Slings
  1177 | D:2      | Reached skill level 1 in Bows
  1177 | D:2      | Reached skill level 1 in Crossbows
  1177 | D:2      | Reached skill level 1 in Throwing
  1177 | D:2      | Reached skill level 1 in Armour
  1177 | D:2      | Reached skill level 1 in Shields
  1177 | D:2      | Reached skill level 1 in Unarmed Combat
  1177 | D:2      | Reached skill level 1 in Evocations
  1252 | D:2      | You are sucked into a shaft and drop 1 floor!
  1253 | D:3      | Found a faded altar of an unknown god.
  1395 | D:3      | Reached XP level 4. HP: 4/32 MP: 6/11
  1670 | D:3      | Noticed Grinder
  1845 | D:3      | Reached skill level 1 in Conjurations
  1845 | D:3      | Reached skill level 1 in Hexes
  1845 | D:3      | Reached skill level 1 in Summonings
  1845 | D:3      | Reached skill level 1 in Translocations
  1845 | D:3      | Reached skill level 1 in Transmutations
  1845 | D:3      | Reached skill level 1 in Fire Magic
  1845 | D:3      | Reached skill level 1 in Ice Magic
  1845 | D:3      | Reached skill level 1 in Air Magic
  1845 | D:3      | Reached skill level 1 in Earth Magic
  1845 | D:3      | Reached skill level 1 in Poison Magic
  1847 | D:3      | Learned a level 1 spell: Summon Small Mammal
  1851 | D:3      | Learned a level 3 spell: Vampiric Draining
  1861 | D:3      | Learned a level 4 spell: Animate Dead
  1958 | D:3      | Noticed Ijyb
  1964 | D:3      | Killed Ijyb
  1965 | D:3      | Reached XP level 5. HP: 24/37 MP: 6/12
  1988 | D:3      | Learned a level 1 spell: Foxfire
  2104 | D:3      | Learned a level 1 spell: Magic Dart
  2844 | D:4      | Found a stormy altar of Qazlal.
  2972 | D:4      | Became a worshipper of Qazlal Stormbringer
  3089 | D:4      | Found a staircase to the Ecumenical Temple.
  3230 | D:4      | Noticed a phantom
  3480 | D:5      | Entered Level 5 of the Dungeon
  3480 | D:5      | Noticed an ogre
  3499 | D:5      | Reached XP level 6. HP: 44/44 MP: 8/13
  3556 | D:5      | Reached skill level 5 in Dodging
  3646 | D:5      | Noticed a steam dragon
  3754 | D:5      | Noticed a sky beast
  4174 | D:4      | Killed a sky beast
  4339 | D:4      | Reached XP level 7. HP: 48/50 MP: 1/15
  4712 | D:5      | Killed a steam dragon
  4713 | D:5      | Reached skill level 5 in Stealth
  4928 | D:5      | Found the +10 dark maul {vorpal}
  5104 | D:5      | Reached XP level 8. HP: 50/57 MP: 10/16
  5250 | D:5      | Found a shimmering altar of Xom.
  5308 | D:5      | Learned a level 2 spell: Searing Ray
  5430 | D:5      | Found a burning altar of Makhleb.
  5588 | D:5      | Found a hazy altar of Hepliaklqana.
  5791 | D:5      | Found a hide-covered altar of Uskayaw.
  5791 | D:5      | Found an iron altar of Okawaru.
  5794 | D:5      | Found a radiant altar of Vehumet.
  6232 | D:6      | Found a broken altar of Ashenzari.
  6498 | D:6      | Reached * piety under Qazlal
  7114 | D:7      | Reached XP level 9. HP: 45/65 MP: 4/18
  7853 | D:7      | Noticed Joseph
  7869 | D:7      | Killed Joseph
  8394 | D:7      | Reached skill level 8 in Necromancy
  9238 | D:7      | Found a snail-covered altar of Cheibriados.
  9799 | D:8      | Reached ** piety under Qazlal
  9800 | D:8      | Reached skill level 5 in Invocations
 10185 | D:8      | Noticed a two-headed ogre
 10195 | D:8      | Killed a two-headed ogre
 10196 | D:8      | Reached XP level 10. HP: 35/73 MP: 3/20
 10381 | D:8      | Upgraded the game from 0.29-a0-563-g64e4043184 to
                  | 0.29-a0-617-g7a6b98fccd
 10501 | D:7      | Slain by an orc warrior

Illustrated notes

Levels and vault maps discovered:
D:1:      dpeg_arrival_radiant, layout_loops_cross
D:2:      layout_rooms, serial_curves, eino_curves_02, eino_curves_04
D:3:      layout_basic, hellmonk_ecumenical_altar_blasted, uniq_ijyb,
          uniq_grinder
D:4:      layout_loops_ring, mainiacjoe_overflow_24_doors,
          minmay_temple_entry_waves, minivault_23
D:5:      layout_cave_pools, lemuel_coloured_pillars_altar, led_xom_imps,
          nicolae_overflow_crystal_walls, nicolae_overflow_hidden_temple
D:6:      layout_loops_ring, mainiacjoe_overflow_surrounded_room
D:7:      layout_layer_cave, chei_slow_surprise, enter_bailey_2, uniq_joseph
D:8:      layout_basic, kennysheep_little_box

Skill      XL: |  1  2  3  4  5  6  7  8  9 |
---------------+----------------------------+-----
Spellcasting   | 5 6 7 |  7.1
Invocations    | 1 2 3 4 5 |  5.4
Fighting       | 1 2 3 4 |  4.9
Short Blades   | 1 2 3 4 |  4.9
Long Blades    | 1 2 3 4 |  4.9
Axes           | 1 2 3 4 |  4.9
Maces & Flails | 1 2 3 4 |  4.9
Polearms       | 1 2 3 4 |  4.9
Staves         | 1 2 3 4 |  4.9
Slings         | 1 2 3 4 |  4.9
Bows           | 1 2 3 4 |  4.9
Crossbows      | 1 2 3 4 |  4.9
Throwing       | 1 2 3 4 |  4.9
Armour         | 1 2 3 4 |  4.9
Shields        | 1 2 3 4 |  4.9
Unarmed Combat | 1 2 3 4 |  4.9
Evocations     | 1 2 3 4 |  4.9
Conjurations   | 1 2 3 4 |  4.1
Hexes          | 1 2 3 4 |  4.1
Summonings     | 1 2 3 4 |  4.1
Translocations | 1 2 3 4 |  4.1
Transmutations | 1 2 3 4 |  4.1
Fire Magic     | 1 2 3 4 |  4.1
Ice Magic      | 1 2 3 4 |  4.1
Air Magic      | 1 2 3 4 |  4.1
Earth Magic    | 1 2 3 4 |  4.1
Poison Magic   | 1 2 3 4 |  4.1
Dodging        | 5 6 |  6.8
Stealth        | 5 6 |  6.5
Necromancy     | 8 |  8.3

Action                   |  1- 3 |  4- 6 |  7- 9 | 10-12 || total
-------------------------+-------+-------+-------+-------++-------
Melee: Unarmed           |     1 |       |       |       ||     1
       Rapier            |     2 |       |    10 |       ||    12
       Staff             |       |       |    34 |     9 ||    43
       Bite              |       |       |     4 |     1 ||     5
       Punch             |       |       |     2 |       ||     2
 Cast: Necrotize         |    63 |    68 |    39 |       ||   170
       Magic Dart        |       |    15 |   107 |       ||   122
       Foxfire           |       |    15 |    14 |     9 ||    38
       Vampiric Draining |       |     6 |    26 |     9 ||    41
       Summon Small Mamm |       |     4 |     2 |     1 ||     7
       Animate Dead      |       |     1 |     9 |       ||    10
       Searing Ray       |       |       |    23 |       ||    23
  Use: Scroll            |       |       |     6 |       ||     6
Armor: Robe              |     1 |     4 |    20 |     2 ||    27
Dodge: Dodged            |    16 |     6 |   101 |     7 ||   130
Block: Other             |       |       |     4 |     3 ||     7

Table legend: (Time is in decaauts)
 A = Elapsed time spent in this place.
 B = Non-inter-level travel time spent in this place.
 C = Inter-level travel time spent in this place.
 D = Time resting spent in this place.
 E = Time spent auto-exploring this place.
 F = Levels seen in this place.
 G = Mean time per level.
                   A        B        C        D        E       F      G
               +--------+--------+--------+--------+--------+-----+--------+
         Total |  10516 |  10023 |    493 |   1253 |   7314 |   8 | 1314.5 |
       Dungeon |  10516 |  10023 |    493 |   1253 |   7314 |   8 | 1314.5 |
               +--------+--------+--------+--------+--------+-----+--------+

Top non-repeatable levels by time:
     D:7: 2304 daAuts
     D:4: 2112 daAuts
     D:5: 1423 daAuts
     D:6: 1273 daAuts
     D:3: 1236 daAuts
     D:1: 988 daAuts
     D:8: 912 daAuts
     D:2: 264 daAuts
